Map: Taito Citadel LE

Players

ulissesss - Winner!

  • Race: Protoss Protoss
  • League: Master
  • Spawn Location: 5:00

A.I. 1 (Very Hard)

  • Race: Terran Terran
  • Spawn Location: 11:00

VOD

Have the link to the VOD?

Description

Time

  • Played on: May 5, 2026, 12:56 p.m.
  • Length: 9:26
Show
View Real Time Build Order
Export as new Build Order

ulissesss Protoss - Winner!

Build Orders: 1 Gate Expand, Phoenix Opening, Colossus Rush 

Get SALT Encoding   

  12  0:00  Probe  
  13  0:12  Probe  
  14  0:16  Pylon  
  14  0:24  Probe  
  15  0:32  Probe  
  15  0:36  Gateway  
  15  0:40  Probe  
  16  0:45  Assimilator  
  17  0:51  Probe  
  18  1:03  Probe  
  19  1:15  Probe  
  20  1:23  Cybernetics Core  
  20  1:32  Nexus  
  20  1:34  Probe  
  21  1:42  Pylon  
  21  1:46  Probe  
  22  1:49  Stalker  
  22  1:51  Assimilator  
  22  1:59  Probe  
  25  2:05  Warp Gate  
  25  2:11  Probe  
  25  2:13  Sentry  
  28  2:23  Probe  
  29  2:35  Probe  
  30  2:41  Stalker, Probe  
  32  2:47  Probe, Phoenix  
  32  2:49  Probe  
  34  2:52  Robotics Facility  
  35  2:58  Probe  
  35  2:59  Probe  
  37  3:05  Gateway  
  37  3:07  Gateway  
  37  3:10  Probe  
  37  3:11  Probe  
  39  3:14  Stalker  
  41  3:23  Probe x2  
  41  3:24  Pylon  
  43  3:32  Assimilator  
  43  3:33  Assimilator  
  43  3:35  Probe x2  
  43  3:36  Observer  
  45  3:45  Robotics Bay  
  45  3:47  Probe x2  
  48  3:49  Pylon  
  48  3:52  Observer  
  48  3:59  Probe  
  48  4:00  Probe, Immortal  
  51  4:11  Probe  
  51  4:12  Probe  
  57  4:23  Probe  
  57  4:24  Pylon  
  58  4:28  Colossus  
  58  4:36  Gateway  
  58  4:38  Gateway  
  64  4:50  Gateway  
  64  4:53  Gateway, Extended Thermal Lance  
  64  4:54  Gateway  
  64  4:57  Sentry  
  66  5:00  Pylon  
  66  5:04  Pylon  
  66  5:06  Colossus  
  66  5:20  Sentry  
  74  5:30  Sentry  
  74  5:32  Stalker  
  78  5:40  Pylon x2  
  78  5:47  Stalker  
  78  5:48  Stalker x2, Warp Prism  
  84  5:57  Pylon  
  84  5:58  Pylon  
  86  6:06  Stalker x3  
  91  6:12  Stalker  
  91  6:14  Stalker  
  95  6:48  Stalker x6  
  95  6:49  Stalker x2  
  95  6:53  Pylon  
  101  7:03  Pylon  
  99  7:28  Stalker x7  
  99  7:29  Stalker  
  115  7:55  Adept x8  
  131  8:01  Pylon  
  131  8:02  Pylon  
  131  8:33  Pylon  
  131  8:54  Nexus  
  131  8:55  Probe x2  
  131  8:58  Forge  
  131  9:00  Twilight Council  
  133  9:03  Probe x2  
  133  9:06  Forge  
  135  9:11  Probe x2  
Show
View Real Time Build Order
Export as new Build Order

A.I. 1 (Very Hard) Terran 

Build Orders:  

Get SALT Encoding   

  12  0:00  SCV  
  13  0:13  SCV  
  14  0:18  Supply Depot  
  14  0:25  SCV  
  15  0:29  Refinery  
  15  0:39  SCV  
  16  0:49  Barracks  
  16  0:51  SCV  
  17  1:04  SCV  
  18  1:08  Supply Depot  
  18  1:16  SCV  
  19  1:28  SCV  
  20  1:36  Marine  
  20  1:39  Factory  
  21  1:43  Barracks  
  21  1:44  SCV  
  22  1:54  Marine  
  22  1:56  SCV  
  22  2:01  Supply Depot  
  24  2:08  SCV  
  25  2:12  Marine  
  26  2:20  SCV  
  27  2:25  Factory Tech Lab  
  27  2:30  Marine  
  27  2:32  SCV  
  27  2:33  Marine  
  30  2:44  SCV  
  30  2:45  Siege Tank  
  34  3:02  SCV  
  34  3:03  Command Center  
  35  3:15  Orbital Command, Refinery  
  35  3:26  Marine  
  36  3:29  Marine  
  37  3:41  SCV  
  37  3:44  Marine  
  37  3:46  Supply Depot  
  39  4:00  Barracks  
  39  4:03  Barracks Tech Lab  
  39  4:08  Marine, SCV  
  41  4:14  SCV  
  41  4:16  Starport  
  42  4:20  SCV  
  43  4:26  Marine, Barracks Tech Lab  
  43  4:27  SCV  
  45  4:32  SCV, Stimpack  
  46  4:39  SCV  
  46  4:44  Marine, SCV, Combat Shield  
  49  4:49  Marine  
  49  4:51  SCV, Marine  
  52  4:56  SCV  
  53  5:01  Supply Depot  
  53  5:02  Marine  
  53  5:03  SCV  
  55  5:07  Marauder  
  55  5:08  SCV  
  55  5:11  Starport Tech Lab  
  58  5:16  Orbital Command, Refinery  
  58  5:20  Marauder, SCV  
  61  5:27  Supply Depot  
  61  5:29  Marauder, Raven, Barracks Reactor  
  61  5:33  SCV  
  61  5:34  Refinery  
  66  5:41  Marauder  
  67  5:45  SCV  
  67  5:48  SCV  
  67  5:49  Marine  
  69  5:52  Supply Depot  
  70  5:57  SCV  
  70  6:00  SCV  
  70  6:03  Marauder, Medivac  
  76  6:08  Marauder  
  78  6:13  SCV  
  78  6:14  SCV  
  78  6:16  Supply Depot  
  80  6:24  Marauder  
  82  6:25  SCV  
  82  6:29  Marauder  
  82  6:30  Engineering Bay  
  85  6:38  Viking, SCV  
  88  6:40  SCV  
  88  6:41  Supply Depot  
  88  6:46  Marauder  
  91  6:50  SCV, Concussive Shells  
  92  6:56  Marine x2, Marauder  
  78  7:01  Siege Tank  
  78  7:07  Marauder  
  78  7:08  Viking  
  67  7:14  Marine x2  
  67  7:18  Marauder  
  65  7:26  SCV  
  65  7:27  SCV  
  65  7:28  Marine  
  58  7:32  Marine  
  58  7:33  Siege Tank  
  58  7:37  Marine  
  53  7:38  Viking, SCV  
  53  7:39  Marauder, SCV  
  47  7:50  SCV  
  34  7:52  SCV  
  34  7:53  Refinery  
  30  8:01  Marauder  
  30  8:05  SCV  
  28  8:08  Raven  
  27  8:17  SCV  
  27  8:19  Supply Depot  
  21  8:32  Supply Depot  
  21  8:40  SCV  
  20  8:56  SCV  
Tags
 
Add a new tag
Caveats
  • Supply blocks, unpowered buildings, or Contaminate may cause inaccurate times.
  • Supply counts are checked every 10 seconds.